 Dungeon Crawl Stone Soup version 0.27.1-37-g7b29ead8ac (console) character file.

Game seed: 18074247597352881499

105429 grimtooth the Bewitcher (level 15, -1/90 HPs)
             Began as a Vampire Enchanter on July 4, 2023.
             Was the Champion of Kikubaaqudgha.
             Slain by a bunyip (30 damage)
             ... on level 1 of the Swamp.
             The game lasted 02:50:54 (30650 turns).

grimtooth the Bewitcher (Vampire Enchanter)        Turns: 30650, Time: 02:50:54

Health: -1/90      AC: 15    Str:  7    XL:     15   Next: 94%
Magic:  7/24       EV: 18    Int: 30    God:    Kikubaaqudgha [******]
Gold:   2412       SH:  7    Dex: 15    Spells: 7/27 levels left

rFire    + + .     SeeInvis +   a - +11 dagger of Talola {spect, rN+}
rCold    + + .     Faith    +   O - +2 buckler
rNeg     + + +     Spirit   .   g - +1 robe of Complete Protection {Fly}
rPois    ∞         Reflect  .   (no helmet)
rElec    +         Harm     .   d - +1 cloak {Will+}
rCorr    .         Rampage  .   r - +2 pair of gloves
Will     ++...                  N - +2 pair of boots
Stlth    +++++++++.             k - amulet "Viosezi" {Faith Fragile +Inv rElec rF++}
HPRegen  0.00/turn              p - +4 ring of protection
MPRegen  0.19/turn              J - +6 ring of intelligence

@: flying, bloodless, inhibited regen, slowed, studying Stealth, very slow
A: bloodless, fangs 3, see invisible, vampiric 2
a: Bat Form, Revivify, Renounce Religion, Evoke Invisibility, Receive Corpses,
Torment, Brand Weapon With Pain, Receive Forbidden Knowledge


You were on level 1 of the Swamp.
You worshipped Kikubaaqudgha.
Kikubaaqudgha was exalted by your worship.
You visited 5 branches of the dungeon, and saw 23 of its levels.
You also visited: Bailey.

You collected 3242 gold pieces.
You spent 830 gold pieces at shops.

Inventory:

Hand Weapons
 a - the +11 dagger of Talola (weapon) {spect, rN+}
   (You found it on level 5 of the Dungeon)

   When its wielder attacks, the weapon's spirit leaps out and strikes again.
   The spirit shares a part of any damage it takes with its wielder.
   rN:        It protects you from negative energy.
 b - the +8 short sword "Faxzurud" {speed, Will+ Dex+5 Stlth+}
   (You found it on level 6 of the Dungeon)

   Attacks with this weapon are significantly faster.
   Dex:       It affects your dexterity (+5).
   Will:      It increases your willpower.
   Stlth:     It makes you more stealthy.
 m - the +10 short sword "Pendulum" {freeze, Dex+2}
   (You found it on level 4 of the Lair of Beasts)

   It freezes those it strikes, dealing additional cold damage.
   It can also slow down cold-blooded creatures.
   Dex:       It affects your dexterity (+2).
Missiles
 c - 61 stones (quivered)
 T - 6 throwing nets {=f}
 Y - 4 curare-tipped darts
Armour
 d - a +1 cloak of willpower (worn)
 g - the +1 robe of Complete Protection (worn) {Fly}
   (You bought it in a shop on level 5 of the Dungeon)

   Fly:       It grants you flight.
 r - a +2 pair of gloves (worn)
 N - a +2 pair of boots (worn)
 O - a +2 buckler (worn)
Jewellery
 k - the amulet "Viosezi" (around neck) {Faith Fragile +Inv rElec rF++}
   (You found it on level 13 of the Dungeon)

   [amulet of faith]

   It allows you to gain divine favour quickly.
   rF:        It greatly protects you from fire.
   rElec:     It insulates you from electricity.
   +Inv:      It lets you turn invisible.
   Fragile:   It will be destroyed if unequipped.
 p - a +4 ring of protection (left hand)
 J - a +6 ring of intelligence (right hand)
Wands
 l - a wand of iceblast (21)
 q - a wand of acid (14)
 v - a wand of charming (6)
 D - a wand of polymorph (10)
 H - a wand of digging (7)
 Q - a wand of paralysis (12)
Scrolls
 f - a scroll of amnesia
 u - a scroll of silence
 w - 3 scrolls of magic mapping
 y - 8 scrolls of fog
 z - 4 scrolls of summoning
 F - 3 scrolls of vulnerability
 K - 3 scrolls of blinking
 M - 6 scrolls of teleportation
 P - 2 scrolls of fear
Potions
 e - 3 potions of magic
 n - 11 potions of might
 o - 15 potions of curing
 t - 2 potions of brilliance
 x - a potion of haste
 B - 2 potions of resistance
 L - 3 potions of cancellation
 U - 2 potions of ambrosia
 V - 4 potions of berserk rage
Miscellaneous
 E - a lightning rod (4/4)


   Skills:
 - Level 9.0 Fighting
 - Level 12.0 Short Blades
 - Level 12.0 Dodging
 + Level 17.1 Stealth
 - Level 6.0 Shields
 * Level 6.6 Spellcasting
 - Level 18.0 Hexes
 - Level 10.3 Necromancy
 * Level 6.6 Evocations


You had 7 spell levels left.
You knew the following spells:

 Your Spells              Type           Power      Damage    Failure   Level
a - Corona                Hex            96%        N/A       0%          1
b - Ensorcelled Hibernat  Hex/Ice        100%       N/A       1%          2
c - Tukima's Dance        Hex            87%        N/A       0%          3
d - Vampiric Draining     Necr           32%        2d10      1%          3
f - Cause Fear            Hex            43%        N/A       1%          4
x - Animate Dead          Necr           32%        N/A       1%          4
z - Confusing Touch       Hex            87%        N/A       0%          3

Your spell library contained the following spells:

 Spells                   Type           Power      Damage    Failure   Level
 Pain                     Necr           100%       1d9       1%          1
 Corpse Rot               Necr/Air       N/A        N/A       1%          2
 Sublimation of Blood     Necr           32%        N/A       1%          2
 Dazzling Flash           Conj/Hex       100%       N/A       1%          3
 Inner Flame              Hex/Fire       59%        N/A       1%          3
 Dispel Undead            Necr           64%        3d22      1%          4
 Agony                    Necr           64%        N/A       1%          5
 Excruciating Wounds      Necr           32%        N/A       1%          5
 Beastly Appendage        Tmut           18%        N/A       4%          1
 Magic Dart               Conj           36%        1d4       4%          1
 Sting                    Tmut/Pois      36%        1d4       4%          1
 Call Imp                 Summ           9%         N/A       8%          2
 Poisonous Vapours        Pois/Air       18%        N/A       8%          2
 Wereblood                Tmut           9%         N/A       8%          2
 Ignite Poison            Fire/Tmut/Pois 9%         N/A       16%         3
 Mephitic Cloud           Conj/Pois/Air  9%         N/A       16%         3
 Spider Form              Tmut/Pois      4%         N/A       16%         3
 Borgnjor's Vile Clutch   Necr/Erth      20%        N/A       17%         5
 Iskenderun's Mystic Bla  Conj/Tloc      9%         2d4       45%         4
 Olgreb's Toxic Radiance  Pois           9%         N/A       45%         4
 Bolt of Magma            Conj/Fire/Erth 4%         4d5       80%         5
 Shadow Creatures         Summ           N/A        N/A       100%        6
 Starburst                Conj/Fire      4%         6d4       100%        6
 Discord                  Hex            43%        N/A       21%         8


Dungeon Overview and Level Annotations

Branches:
Dungeon (13/15)            Temple (1/1) D:6            Lair (6/6) D:9
  Swamp (1/4) Lair:4       Spider (0/4) Lair:2          Orc (2/2) D:12
    Elf (0/3) Orc:2        Vaults (0/5) D:13         Bailey (visited)
  Slime: Lair:5-6

Altars:
Ashenzari
Cheibriados
Dithmenos
Elyvilon
Fedhas
Gozag
Hepliaklqana
Kikubaaqudgha
Makhleb
Nemelex Xobeh
Okawaru
Qazlal
Ru
Sif Muna
Trog
Uskayaw
Vehumet
Wu Jian
Xom
Yredelemnul
Zin
The Shining One
Beogh

Shops:
D:2 *   D:4 *   D:5 [(   D:10 (   Orc:2 ?*[:

Portals:
Abyss: Orc:1
Pandemonium: Orc:2

Annotations:
D:12 exclusions: fire elemental, 2 hell hounds and 2 hogs, Azrael, Kirke
Lair:1 1 runed translucent door, grimtooth's ghost, journeyman KoDe
Lair:6 2 transporters, exclusion: 4 oklob plants, Kazon's ghost, journeyman DjGl
Swamp:1 exclusion: swamp worm


Innate Abilities, Weirdness & Mutations

You do not regenerate when monsters are visible.
You are frail without blood (-20% HP).
You can heal yourself when you bite living creatures.
You are immune to poison.
You have razor-sharp teeth.
You have supernaturally acute eyesight. (SInv)
You are afflicted with vampirism and can become a bat while bloodless.


Message History

Aiming: Ensorcelled Hibernation (safe; 1% risk of failure)
Press: ? - help, Shift-Dir - straight line, f/p - bunyip
Aim: a bunyip (chance to affect: 37%)
The bunyip easily resists.
Casting: Ensorcelled Hibernation (safe; 1% risk of failure)
Confirm with . or Enter, or press ? or * to list all spells.
Aiming: Ensorcelled Hibernation (safe; 1% risk of failure)
Press: ? - help, Shift-Dir - straight line, f/p - bunyip
Aim: a bunyip (chance to affect: 37%)
The bunyip easily resists.
Casting: Ensorcelled Hibernation (safe; 1% risk of failure)
Confirm with . or Enter, or press ? or * to list all spells.
Your hands begin to glow red.
You block the bunyip's attack. The bunyip barely misses you.
The bunyip claws you!
You completely miss the bunyip. You bite the bunyip, but do no damage.
You hit the bunyip but do no damage. You hit the bunyip but do no damage.
Press: ? - help, v - describe, . - travel
Here: a bunyip (chance to confuse on hit: 54%)
The floor.
You feel much better. The bunyip claws you!!
* * * LOW HITPOINT WARNING * * *
The bunyip closely misses you. You block the bunyip's attack.
The bog body casts a spell at you.
You feel yourself slow down.
You hit the bunyip but do no damage.
The bunyip appears confused.
You hit the bunyip.
The bunyip is lightly wounded.
Your +11 dagger of Talola {spect, rN+} hits the bunyip!
The bog body casts a spell at you. You resist with almost no effort.
You hit the bunyip.
The bunyip is moderately wounded.
Your +11 dagger of Talola {spect, rN+} hits the bunyip.
You puncture the bunyip!
The bunyip is moderately wounded.
Your +11 dagger of Talola {spect, rN+} hits the bunyip!
The bunyip misses you. The bunyip claws you!!
You die...
Kikubaaqudgha rasps: "You have failed me!
Welcome... oblivion!"

♣♣♣♣♣ ♣♣♣♣♣♣♣ ♣♣...♣♣♣ ♣
♣♣♣♣≈≈≈≈≈♣♣♣ ♣.≈§≈..♣♣♣♣ ♣
♣≈..D....x@♣♣ ♣.≈≈≈....≈♣ ♣
♣♣.....≈≈≈(..♣ ♣.....♣≈≈§. ♣♣
♣♣♣..≈...≈≈≈≈..♣♣ ♣♣≈♣≈..≈§≈.
≈♣♣♣≈..≈≈≈≈≈≈n≈≈≈..♣♣ ♣♣≈§≈.....
....≈≈≈≈≈≈≈†§≈≈≈≈≈..♣♣ ♣♣.≈.≈♣♣♣
≈≈≈≈≈≈≈≈≈........≈≈..♣♣♣♣≈♣....♣♣
≈≈≈≈≈≈≈≈≈≈≈§≈♣..≈§≈≈.......≈....♣
≈≈≈≈§≈.≈≈≈§≈.♣.≈≈≈≈≈..).≈≈..≈≈≈.♣
.≈≈≈≈..≈≈≈≈....≈≈≈≈≈.........≈≈≈.
≈≈≈≈.......≈...≈≈≈≈≈.............
≈♣♣♣♣...≈..≈≈≈.≈≈≈≈)..≈≈≈≈.≈≈....


You could see a bunyip (confused), an eight-headed hydra, a bog body and a
friendly +11 dagger of Talola {spect, rN+} (summoned).

Vanquished Creatures
  Jorgrun (Orc:1)
  The ghost of Paschim the Severer, a journeyman MiBe of Trog (Orc:1)
  Aizul (Swamp:1)
  4 dire elephants
  A minotaur (Lair:2)
  A fire dragon (D:13)
  A shambling mangrove (Lair:5)
  A rakshasa (Orc:1)
  9 hydras
  3 boulder beetles
  The ghost of Uppas the Cruncher, a journeyman DrWn of Trog (Lair:2)
  Harold (D:7)
  An alligator (Swamp:1)
  A centaur warrior (D:13)
  A two-headed ogre (D:4)
  2 catoblepae
  9 death yaks
  A tengu warrior (D:13)
  7 orc high priests
  A hell hog (Orc:1)
  Nergalle (Lair:4)
  2 spriggans (Swamp:1)
  Sonja (D:11)
  A goliath frog (Swamp:1)
  A fire crab (Lair:6)
  A glowing orange brain (Orc:1)
  A spriggan druid (Swamp:1)
  A spectral anaconda (Lair:6)
  An infernal demonspawn (Orc:2)
  A torturous demonspawn (Orc:2)
  3 bog bodies
  A lindwurm (Lair:6)
  Pikel (D:7)
  An obsidian statue (Lair:6)
  A swamp dragon (Swamp:1)
  3 necromancers (Lair:6)
  3 orc knights
  4 cyclopes
  8 orc sorcerers
  3 ugly things
  A manticore (D:13)
  2 oklob plants (Lair:5)
  A will-o-the-wisp (Swamp:1)
  7 black mambas
  18 elephants
  A gargoyle (D:13)
  2 dire elephant zombies (Lair:6)
  An orange demon (Orc:2)
  3 unseen horrors
  A cane toad (shapeshifter) (D:13)
  Psyche (D:10)
  13 cane toads
  4 rime drakes
  A hellwing (Orc:2)
  9 komodo dragons
  5 trolls
  3 polar bears
  A jumping spider (Lair:2)
  A tyrant leech (Swamp:1)
  5 hornets
  2 spectral elephants (Lair:6)
  10 blink frogs
  12 dream sheep
  2 redbacks (Lair:2)
  2 shadows
  2 wyverns
  8 basilisks
  A wraith (D:12)
  36 yaks
  A golden eye (shapeshifter) (D:13)
  3 chaos spawn
  2 steam dragons
  2 death yak simulacra (Lair:6)
  A neqoxec (Orc:2)
  Menkaure (D:5)
  8 wargs
  3 swamp worms
  9 water moccasins
  A swamp drake (Swamp:1)
  3 black bears
  3 ice beasts
  28 orc warriors
  A sky beast (D:6)
  2 necrophages (D:5)
  7 ogres
  3 elephant zombies (Lair:6)
  6 centaurs
  21 wolves
  A phantom (D:5)
  An elephant skeleton (Lair:6)
  A gnoll sergeant (D:9)
  Blork the orc (D:6)
  10 bullfrogs
  3 scorpions
  2 cane toad simulacra (Lair:6)
  2 ballistomycetes (Lair:5)
  2 elephant simulacra (Lair:6)
  15 killer bees
  3 wights (D:10)
  8 electric eels
  A howler monkey (D:11)
  A bullfrog zombie (D:7)
  4 centaur zombies
  2 jellies (D:6)
  9 starcursed masses (Orc:1)
  A bullfrog skeleton (D:5)
  2 hounds
  A gnoll shaman (D:10)
  25 orc priests
  Crazy Yiuf (D:4)
  A scorpion zombie (D:3)
  4 iguanas
  22 orc wizards
  6 hell rats (Lair:5)
  A killer bee zombie (D:8)
  A howler monkey zombie (D:9)
  24 gnolls
  9 adders
  2 shadow imps
  3 ufetubi
  An adder skeleton (D:3)
  2 worms
  2 dart slugs (D:2)
  65 orcs
  5 ball pythons
  5 endoplasms
  3 giant cockroaches
  24 goblins
  18 hobgoblins
  4 jackals
  4 kobolds
  3 quokkas
  4 bats
  2 frilled lizards (D:2)
  7 rats
665 creatures vanquished.

Vanquished Creatures (collateral kills)
  An orc warlord (Bailey)
  3 two-headed ogres
  An orc high priest (Orc:2)
  5 orc knights
  A deep elf pyromancer (D:12)
  A hellwing (Orc:2)
  A warg (Orc:2)
  15 orc warriors
  5 ogres
  2 gnoll sergeants
  4 orc priests (Orc:2)
  An orc wizard (D:12)
  7 gnolls
  14 orcs
  2 hobgoblins (Bailey)
63 creatures vanquished.

Vanquished Creatures (others)
  A bloated husk (Swamp:1)
  4 dancing weapons
  2 foxfires (Swamp:1)
  46 fungi
  56 plants
  6 toadstools (Lair:4)
  22 withered plants (Lair:6)
137 creatures vanquished.

Grand Total: 865 creatures vanquished

Notes
Turn   | Place    | Note
-------+----------+-------------------------------------------
     0 | D:1      | grimtooth the Vampire Enchanter began the quest for the
                  | Orb.
     0 | D:1      | Reached XP level 1. HP: 13/13 MP: 3/3
   485 | D:1      | Reached XP level 2. HP: 19/19 MP: 5/5
   531 | D:1      | Learned a level 2 spell: Ensorcelled Hibernation
  1024 | D:2      | Reached skill level 5 in Stealth
  1024 | D:2      | Gained mutation: You are afflicted with vampirism and can
                  | become a bat while bloodless. [Vampire growth]
  1024 | D:2      | Reached XP level 3. HP: 23/24 MP: 6/6
  1080 | D:2      | Reached skill level 5 in Hexes
  1195 | D:2      | Found Fixi's General Store.
  1677 | D:2      | Learned a level 3 spell: Confusing Touch
  1751 | D:3      | Reached XP level 4. HP: 12/30 MP: 7/7
  2123 | D:3      | Noticed a scorpion
  2126 | D:3      | Reached XP level 5. HP: 35/35 MP: 8/8
  2167 | D:3      | Reached skill level 6 in Hexes
  2209 | D:3      | Found a broken altar of Ashenzari.
  2478 | D:3      | Found an iron altar of Okawaru.
  2661 | D:3      | Reached XP level 6. HP: 17/41 MP: 9/9
  3079 | D:3      | Learned a level 3 spell: Tukima's Dance
  3094 | D:4      | Found a snail-covered altar of Cheibriados.
  3112 | D:4      | Reached skill level 5 in Short Blades
  3369 | D:4      | Found Meakhlot's General Store.
  3483 | D:4      | Noticed a two-headed ogre
  3514 | D:4      | Killed a two-headed ogre
  3515 | D:4      | Reached skill level 8 in Hexes
  3515 | D:4      | Reached XP level 7. HP: 11/46 MP: 6/10
  3690 | D:4      | Found a runed translucent door.
  3691 | D:4      | Noticed Crazy Yiuf
  3698 | D:4      | Killed Crazy Yiuf
  4038 | D:3      | Found an opulent altar of Gozag.
  4137 | D:5      | Entered Level 5 of the Dungeon
  4182 | D:5      | Reached skill level 9 in Hexes
  4182 | D:5      | Reached XP level 8. HP: 52/52 MP: 11/11
  4290 | D:5      | Found an ancient bone altar of Kikubaaqudgha.
  4300 | D:5      | Found Lijiavao's Weapon Boutique.
  4679 | D:5      | Identified the +11 dagger of Talola {spect, rN+}
  4681 | D:5      | - phwoaa
  4716 | D:5      | Found Xutupter's Antique Armour Shop.
  4733 | D:5      | Reached skill level 5 in Dodging
  5149 | D:5      | Reached skill level 10 in Hexes
  5225 | D:5      | Noticed Menkaure
  5232 | D:5      | Killed Menkaure
  5244 | D:5      | Reached skill level 10 in Stealth
  5291 | D:5      | Reached XP level 9. HP: 49/57 MP: 12/12
  5377 | D:6      | Found a staircase to the Ecumenical Temple.
  5402 | Temple   | Entered the Ecumenical Temple
  5643 | D:5      | Became a worshipper of Kikubaaqudgha
  5829 | D:6      | Reached skill level 11 in Hexes
  5834 | D:6      | Noticed Blork the orc
  6345 | D:6      | Killed Blork the orc
  6393 | D:6      | Identified the +8 short sword "Faxzurud" {speed, Will+
                  | Dex+5 Stlth+}
  6395 | D:6      | - dangerously amazing weapon drops
  6699 | D:7      | Noticed Pikel
  6705 | D:7      | Killed Pikel
  6807 | D:7      | Reached * piety under Kikubaaqudgha
  6807 | D:7      | Received a gift from Kikubaaqudgha
  7116 | D:7      | Noticed a +0 spear
  7116 | D:7      | Noticed a +0 dagger
  7116 | D:7      | Noticed a +0 falchion
  7119 | D:7      | Noticed a +0 dagger
  7120 | D:7      | Noticed a +0 spear
  7120 | D:7      | Noticed a +0 short sword
  7149 | D:5      | Identified the +5 spear "Gepseh" {vorpal, rN+ Will+}
  7153 | D:5      | - oh and heres wyrmbane
  7226 | D:7      | Noticed a +0 short sword
  7228 | D:7      | Noticed a +0 falchion
  7233 | D:7      | Found a hide-covered altar of Uskayaw.
  7303 | D:7      | Noticed a boulder beetle
  7314 | D:7      | Killed a boulder beetle
  7315 | D:7      | Reached XP level 10. HP: 63/63 MP: 13/13
  7491 | D:7      | Noticed Harold
  7797 | D:8      | Reached skill level 12 in Hexes
  8333 | D:8      | - come on rampage
  8626 | D:9      | Noticed a two-headed ogre
  8633 | D:9      | Killed a two-headed ogre
  9053 | D:9      | Reached ** piety under Kikubaaqudgha
  9078 | D:9      | Found a staircase to the Lair.
  9150 | D:9      | Reached skill level 13 in Hexes
  9611 | D:10     | Entered Level 10 of the Dungeon
  9642 | D:10     | Noticed a two-headed ogre
  9643 | D:10     | Found Fimirhe's Weapon Emporium.
  9665 | D:10     | Killed a two-headed ogre
  9667 | D:10     | Noticed Psyche
  9675 | D:10     | Killed Psyche
  9676 | D:10     | Reached XP level 11. HP: 59/68 MP: 14/14
 10545 | D:11     | Noticed a boulder beetle
 10551 | D:11     | Reached skill level 14 in Hexes
 10553 | D:11     | Killed a boulder beetle
 10582 | D:11     | Noticed a seven-headed hydra
 10589 | D:11     | Killed a seven-headed hydra
 10590 | D:11     | Reached skill level 15 in Stealth
 10766 | D:11     | Noticed Sonja
 10769 | D:11     | Killed Sonja
 10770 | D:11     | Reached skill level 15 in Hexes
 10948 | D:12     | Reached skill level 1 in Fighting
 10952 | D:12     | Reached skill level 1 in Shields
 11024 | D:12     | Reached *** piety under Kikubaaqudgha
 11024 | D:12     | Received a gift from Kikubaaqudgha
 11152 | D:12     | Found a flagged portal.
 11173 | Bailey   | Entered a bailey
 11458 | Bailey   | Noticed an orc knight
 11476 | Bailey   | Killed an orc knight
 11483 | Bailey   | Reached **** piety under Kikubaaqudgha
 11542 | Bailey   | Noticed an orc warlord
 11604 | Bailey   | Killed an orc warlord
 11660 | Bailey   | Noticed an orc knight
 11720 | Bailey   | Killed an orc knight
 11721 | Bailey   | Reached XP level 12. HP: 73/83 MP: 14/16
 11959 | D:12     | Noticed a two-headed ogre
 11960 | D:12     | Found a staircase to the Orcish Mines.
 12093 | D:12     | Killed a two-headed ogre
 12486 | D:12     | Noticed Azrael
 12855 | D:12     | Noticed Kirke
 12902 | D:13     | Reached skill level 5 in Fighting
 12902 | D:13     | Reached skill level 5 in Shields
 12935 | D:13     | Noticed a tengu warrior
 12940 | D:13     | Acquired the +0 cloak "Tacaeta" {rC- Str+8 Int+7 Slay+3}
 12954 | D:13     | Identified the amulet "Viosezi" {Faith Fragile +Inv rElec
                  | rF++}
 12991 | D:13     | Noticed a centaur warrior
 13063 | D:13     | Noticed a boulder beetle
 13070 | D:13     | Killed a boulder beetle
 13240 | D:13     | Noticed a catoblepas
 13254 | D:13     | Killed a catoblepas
 13265 | D:13     | Killed a tengu warrior
 13336 | D:13     | Identified the +5 broad axe of Extinguishment {chaos, rPois
                  | rN++ Int+4}
 13366 | D:13     | Noticed a fire dragon
 13380 | D:13     | Killed a fire dragon
 13401 | D:13     | Found a gate to the Vaults.
 13664 | D:13     | Killed a centaur warrior
 13665 | D:13     | Reached skill level 10 in Dodging
 14101 | Lair:1   | Entered Level 1 of the Lair of Beasts
 14104 | Lair:1   | Reached skill level 5 in Spellcasting
 14458 | Lair:1   | Reached ***** piety under Kikubaaqudgha
 14542 | Lair:1   | Found a runed translucent door.
 14547 | Lair:1   | Noticed grimtooth's ghost (journeyman KoDe)
 14561 | Lair:1   | - hey its me
 14571 | Lair:1   | Reached XP level 13. HP: 93/93 MP: 21/21
 14637 | Lair:1   | Identified the +4 quarterstaff of Ynoxuot {antimagic, *Slow
                  | Will+ Int+2 Dex+10}
 15219 | Lair:2   | Found a hole to the Spider Nest.
 15600 | Lair:2   | Noticed a minotaur
 15600 | Lair:2   | Noticed Uppas's ghost (journeyman DrWn)
 15724 | Lair:2   | Found a runed translucent gate.
 15724 | Lair:2   | Found a runed translucent gate.
 15724 | Lair:2   | Found a runed translucent gate.
 16180 | Lair:3   | Reached skill level 16 in Hexes
 17115 | Lair:3   | Learned a level 3 spell: Vampiric Draining
 17185 | Lair:3   | Reached skill level 1 in Necromancy
 18091 | Lair:4   | Found the +10 Black Knight's barding {ponderous, rPois rN+}
 18209 | Lair:4   | Noticed Nergalle
 18213 | Lair:4   | Killed Nergalle
 18289 | Lair:4   | Found a staircase to the Swamp.
 18313 | Lair:4   | - careful now
 18807 | Lair:4   | Reached XP level 14. HP: 77/106 MP: 18/23
 18896 | Lair:4   | Found a runed translucent door.
 19308 | Lair:5   | You fall into a shaft and drop 1 floor!
 19308 | Lair:6   | Entered Level 6 of the Lair of Beasts
 19404 | Lair:6   | Reached skill level 5 in Necromancy
 19512 | Lair:6   | - aw elephants again
 19524 | Lair:6   | Found a snail-covered altar of Cheibriados.
 19726 | Lair:6   | Reached skill level 17 in Hexes
 19902 | Lair:6   | - where the hell are the stairs
 20720 | Lair:5   | Identified the +5 flail "Qoxaw" {flame, SInv}
 21204 | Lair:6   | Reached ****** piety under Kikubaaqudgha
 21356 | Lair:6   | Noticed Kazon's ghost (journeyman DjGl)
 21646 | Lair:6   | Found a transporter.
 21649 | Lair:6   | Found a transporter.
 21649 | Lair:6   | Found the +3 pair of seven-league boots {Rampage+∞}
 22449 | Orc:1    | Entered Level 1 of the Orcish Mines
 22552 | Orc:1    | Found a transporter.
 22552 | Orc:1    | Found a one-way gate to the infinite horrors of the Abyss.
 22552 | Orc:1    | Noticed Paschim's ghost (journeyman MiBe)
 22581 | Orc:1    | Found a transporter.
 22670 | Orc:1    | Noticed Jorgrun
 22820 | Orc:1    | Reached skill level 18 in Hexes
 22854 | Orc:1    | Reached skill level 1 in Evocations
 22943 | Orc:1    | Noticed a starcursed mass
 23339 | Orc:2    | Entered Level 2 of the Orcish Mines
 23375 | Orc:2    | - man is this the pan-gate again too
 23835 | Orc:2    | Found a staircase to the Elven Halls.
 24376 | Orc:2    | Found Oteum's Magic Scroll Shop.
 24377 | Orc:2    | Found Bufire Fett's General Store.
 24599 | Orc:2    | Bought a scroll of blinking for 97 gold pieces
 24599 | Orc:2    | Bought a scroll of identify for 26 gold pieces
 24599 | Orc:2    | Bought a scroll of fear for 45 gold pieces
 24599 | Orc:2    | Bought a scroll of identify for 26 gold pieces
 24599 | Orc:2    | Bought a scroll of enchant armour for 97 gold pieces
 24599 | Orc:2    | Bought a scroll of identify for 26 gold pieces
 24795 | Orc:2    | Reached skill level 10 in Short Blades
 25276 | Orc:2    | Reached XP level 15. HP: 113/113 MP: 21/24
 25446 | Orc:2    | Found Ququl's Antique Armour Shoppe.
 25446 | Orc:2    | Found Bimuttea's Book Emporium.
 25447 | Orc:2    | Found a one-way gate leading to the halls of Pandemonium.
 25473 | Orc:2    | - discord!
 25537 | Orc:2    | Bought a book of Hexes for 360 gold pieces
 25542 | Orc:2    | Learned a level 4 spell: Cause Fear
 25907 | D:7      | Killed Harold
 26289 | Lair:6   | - oh i want those boots
 26456 | Lair:6   | Reached skill level 5 in Evocations
 27706 | Lair:5   | Paralysed by a hornet for 1 turns
 28348 | Lair:4   | Identified the +10 short sword "Pendulum" {freeze, Dex+2}
 28592 | Lair:2   | Killed Uppas's ghost
 28834 | Orc:1    | Killed Jorgrun
 28927 | Orc:1    | Paralysed by accursed screaming for 1 turns
 28962 | Orc:1    | Reached skill level 10 in Necromancy
 28972 | Orc:1    | Killed Paschim's ghost
 29113 | Orc:1    | - little tougher than planned... all for guardian spirit
 29577 | D:5      | Bought a heavy robe for 153 gold pieces
 29577 | D:5      | Identified the +1 robe of Complete Protection {Fly} (You
                  | bought it in a shop on level 5 of the Dungeon)
 29855 | D:13     | Acquired 1068 gold pieces
 30107 | Lair:4   | Learned a level 4 spell: Animate Dead
 30135 | Swamp:1  | Entered Level 1 of the Swamp
 30215 | Swamp:1  | Noticed Aizul
 30307 | Swamp:1  | Killed Aizul
 30650 | Swamp:1  | Slain by a bunyip

Illustrated notes ####..##.# #.....##.##### .# #...##..†..# ... #......###.# #.# #.#..#.###.# ##.## #.#.....##.# ##...####....>..##.# ##............##.##.# ##.....<.#####..#.##.# #.........####.......# +....@....'........... #.......[.####....#### ##.......## ##..#.## ##.....## ##.###.## ##...## #.## ##.# ##+## ##.###.## #y....#.#.## #y###.##..# #. ##.# .. #.# .. ..# Turn 4681 on D:5: - phwoaa ########## ######....#.# # #...##.#..[.#### #...##.###...... #...##.# #.##### #...##'###...# # #.......####.### #.......+....... #.......##...... ####.......##...... #..........##†..... #.@........##...... #............###### #.......##...# #.. #.......##...# #.. ##########...# #.. #...# #.. #...# #.. #...# #.. ##### ### Turn 6395 on D:6: - dangerously amazing weapon drops .# ##...## #.# .# ##.....## #.### .# ##.......## ##...## .####.........####.....# ....'.........'........# .####[........##.#.....# .# ##.......#....)[).## .# ##.....#######)### .# ##...## #...#.# #########'## #.∩.#.# ......# #.#####.@.#.# #####.# #.##..#)>.#.# # #.###.##.##...#.# #####.##...#.######.# #............o......# #.###.##...#.#.#.#..# #.###.###.##.#.#....# ......# ####........# ####### ########## Turn 7153 on D:5: - oh and heres wyrmbane #... ... #..... # #.# ...... [.## #.# ..... #.... #.# ...# #.....##.#### ...# .....(......# ...# #.....##.##.## )..# #.... #.....# ...# #### ####..# ##.# #.#####..# #.######## #..[@....# ##........##########.# ....##......###......# ###.##.##.#.##...##### ###.##.##.#.#.#.#.# ..#.##.##.......#.# #.#.##.####.#.###.# #.#.##.# #.##.. ## ....##.. ..# ### #.#.#### #### #.#.# Turn 8333 on D:8: - come on rampage #§§§# ### #§Wl# # #.##############+######.).. ................@.......# ...#+##...#.##.#..........F ...#..#...######........#.# ...#..#...## #.#........# ...#..#....# ###......### .#.#..#....# #......# #..#..#...## #......# ##.#..#...# #......# #....#...# #.#..#...# #.#......# Turn 14561 on Lair:1: - hey its me ? #. #.. #... #...##### #.....#.### ### #### ♣..#P#####.###..# ♣♣........##.P..## ♣♣♣♣♣♣♣♣♣♣♣♣♣♣♣♣♣.....P....## ♣§§§≈≈≈≈≈†♣♣≈≈≈≈♣♣♣.........# ♣§§§§....†..@♣.....⌠........# ♣§§§§.§♣.♣.........⌠......... ♣§§≈≈§♣≈≈n≈♣≈≈≈≈♣♣♣.....#.... ♣♣♣♣♣♣♣♣♣♣♣♣♣♣♣♣♣............ ♣♣♣♣♣♣.....†####....... #♣♣.......##### #.##.... ###.......### #.###... .. #.....PP..# ####.... .. ##....(#....# #.....# .. #....#####.## ####...P# .. ##...P# #[.# #.##...## Turn 18313 on Lair:4: - careful now #.........# ...........♣# ...........P♣ ...........♣ ...........# ..........P# #........P## .........♣# .P.......# .........# .+.....@.# #........# .........# #...Y....# ....Y....# .........# ...Y.....+ ..Y......+ ..Y=.....+ Turn 19512 on Lair:6: - aw elephants again ................................. ...............(................. ..PP..............#.............. ...P.....#.#........#............ .....#...##.........#...#........ .....##.#..#P................Y... .............._........P....... ...D......#.................... ..#........##...........+....... ...≈≈.≈.≈.##......#....#........ ≈≈≈≈≈≈≈≈≈!.#...@.#.P.# ......... .≈≈≈≈≈≈≈≈............# #........ ≈≈≈≈≈≈≈≈....................... ≈...≈≈≈≈...................... ≈≈..≈≈≈....................... ≈≈.≈≈≈≈≈...................... ≈≈≈≈≈≈≈≈...............Y=..... ≈≈≈≈≈≈≈....P....#+... ≈≈≈≈≈≈≈#.P..#... ≈≈.≈.≈PPP...... #≈............. Turn 19902 on Lair:6: - where the hell are the stairs ##......# ##........ ##......... o# ##.......... ..# ##........... #..# ##............ #..# #............. #..# #####.....##.... #..###.##.^....#..... ..##o.o#§<.............# ..o..oo@........#...# ## o.o....##....#.##.... ...$..# ##..#### ... .o.... ##.# . .$... .... ..... #.... ###. ###.## ## ## Turn 23375 on Orc:2: - man is this the pan-gate again too ##.)## ##........... ##[.## .#.###.#....##.# ##..## #...###....##### #))## ###...###...##.## #..###. ##.##...###....... ##........##...##...###.##).# ##....#...##..#..##...#####... ##...#....##.)###..##.#.###.#.. ##∩.#.....##..#∩.##.......###.)[ #.....#..##....).∩##.#))...####) ##∩.#.....##..#@.##.......###... ##...#....##..###).##)#.###..<. ##.)))#.).##..#[.##)..###..... #####........##...##)..###...... ##..###.)###.[.##.##.[.###....... #....###..###..)###)..###........ ##.#.####.)###...#..)###......... ##....###).###.#.#.###.......... ##..#.###..###)..###........... ##.....###..###.###............ ##.......###..########.....##... Turn 25473 on Orc:2: - discord!

##.................#.#........#
###................##.........#
.#.....###.###..#####.........♣#
.#....#########.....#..........##
.....###.# #.###..P.............#
.....##...#...##................#
.....##.###.#.##................♣
.....##...#..W##....#..#........♣
.....#y#.#.#.#y#....####.......♣#
##...#..#...#yy#...#####.......#
###.©#y.#.#.#yy#@...##........♣#
.#...#y.#...#yy#....###.......#
.#...#.#.#.#.#y#....###.......#
.....##...#y.y##.....##.......#
.....##y#y#.#.##..#.####......#
.#...##yyy#...##..######......♣#
.##..###y# #.###..##.#.........##
...#..#########..+..###.........#
.......###.###...................
..###...............##.P##.####.P
### #####........###.####### ###


Turn 26289 on Lair:6: - oh i want those boots #####..#####...©#.#.##.##.....#.
#[.#...### ##...##...###..♣#.##. ##........# ##...#..#....#####.. #.........###
###.♣##.##.##...... ##........#.## #...#....#....... .............##
#...#...##..###.. ..............# #..##..©#..#♣.##.
....#.>#......###.##...)##.#∩..## ...###.#.....###..#.#....♣##^#.## ..##
###......#..##.###.#..##.♣#) ...####......#..@#(...#.#..##.#.[
.....#......##...#.###.[.♣#...#.. .............##..###.##©#♣#♣.##..
....)))......###......###..###... #....[....#.#####................
#.#......#....##.......#####..... ####......#............# ##....
##...####...........# ##.... #.#.## #............## #..<.. #####
###............#####.... ##...........#.###.#..... Turn 29113 on Orc:1: - little
tougher than planned... all for guardian spirit

Levels and vault maps discovered:
D:1:      amcnicky_arrival_single_pillar, layout_loops_ring
D:2:      layout_basic, serial_shops, nicolae_lakefront_shop, minmay_tromino_v7
D:3:      layout_basic, okawaru_altar_gauntlet_db, marbit_many_paths,
          cheibrodos_ashenzari_chains, serial_park_tiny_2,
          minmay_randomly_rotated_circles
D:4:      layout_loops_ring, nicolae_overflow_crystal_walls, serial_shops, shop,
          uniq_crazy_yiuf_cottage
D:5:      layout_loops_corners, mainiacjoe_overflow_alcove_2, serial_shops,
          shop, nicolae_take_the_stairs, uniq_menkaure
D:6:      layout_basic, minmay_temple_entry_sparse_star,
          amcnicky_mini_pool_small, minmay_misc_feat_ornament,
          uniq_blork_the_orc
D:7:      layout_basic, nicolae_uskayaw_en_pointe, uniq_harold, uniq_pikel
D:8:      layout_loops_cross
D:9:      layout_cave_pods, erik_lair_orcish_takeover
D:10:     layout_big_octagon, nicolae_stop_n_shop_2, grunt_ministairs_1,
          dk_vineyard_3, uniq_psyche
D:11:     layout_gridville, uniq_sonja
D:12:     layout_rooms, minmay_orc_entry_temple_small, enter_bailey_1,
          uniq_kirke, uniq_azrael
D:13:     layout_small_grid, david_vaults_4, minmay_crystal_water
Temple:   eino_temple_rhombus
Lair:1:   layout_chaotic_city, ebering_ghost_inner_flame, st_stairs_8,
          fungi_pond_lemuel, beast_lair_carwin_11
Lair:2:   layout_cave_pods, spider_nest_entry_a, maelrawn_ghost_gauntlet_escape,
          lemuel_fruit_tree
Lair:3:   layout_roguey, grunt_megastairs_2
Lair:4:   gammafunk_lair_enchanted_lake, layout_hall_layers,
          nicolae_swamp_entry_splash_gauntlet, patterned_corridor, uniq_nergalle
Lair:5:   layout_long_grid, minmay_lair_oklob_chamber, serial_bayou_shore_b
Lair:6:   due_jungle_book, layout_regular_city,
          minmay_slime_entry_oklob_enclosed, gammafunk_ghost_hive, basic_altar,
          disabler_island, infiniplex_staircase_pool_2
Swamp:1:  layout_basic_swamp, evilmike_swamp_ruin_rubble_2,
          infiniplex_staircase_pool, uniq_josephine, uniq_aizul
Orc:1:    layout_diamond_mine, gammafunk_ghost_abyssal_escape, uniq_jorgrun
Orc:2:    pf_orc_diabolical, layout_caves, bh_open_orc_temple

Skill      XL: |  1  2  3  4  5  6  7  8  9 10 11 12 13 14 15 |
---------------+----------------------------------------------+-----
Short Blades   | 2 3 4 6 8 9 10 12 | 12.0
Stealth        | 5 6 8 10 11 13 15 17 | 17.1
Hexes          | 5 6 8 9 10 11 13 15 16 18 | 18.0
Dodging        | 3 6 8 9 10 12 | 12.0
Fighting       | 4 6 8 9 |  9.0
Shields        | 4 6 |  6.0
Spellcasting   | 3 5 6 |  6.6
Necromancy     | 4 9 10 | 10.3
Evocations     | 4 6 |  6.6

Action                   |  1- 3 |  4- 6 |  7- 9 | 10-12 | 13-15 || total
-------------------------+-------+-------+-------+-------+-------++-------
Melee: Dagger            |    71 |   112 |   134 |   328 |   889 ||  1534
       Bite              |     4 |     4 |    11 |    31 |   110 ||   160
       Short sword       |       |       |    49 |    44 |   199 ||   292
Throw: Stone             |       |       |     1 |     3 |    19 ||    23
 Cast: Corona            |     6 |    15 |     6 |       |     2 ||    29
       Ensorcelled Hiber |    15 |    38 |    32 |    51 |   186 ||   322
       Confusing Touch   |     1 |       |    11 |    15 |    61 ||    88
       Tukima's Dance    |       |     3 |     6 |    31 |    40 ||    80
       Cause Fear        |       |       |       |       |     3 ||     3
 Abil: Exsanguinate      |       |       |       |       |     1 ||     1
Evoke: Wand              |       |       |       |       |    13 ||    13
  Use: Potion            |     2 |       |     1 |       |     8 ||    11
       Scroll            |       |     6 |     4 |     6 |    16 ||    32
 Stab: Sleeping          |    22 |    25 |    30 |    66 |   123 ||   266
       Confused          |     1 |       |     7 |    12 |    63 ||    83
       Distracted        |       |       |       |     9 |    14 ||    23
Armor: Robe              |    10 |    18 |    49 |    54 |   135 ||   266
Dodge: Dodged            |    31 |    56 |   105 |   160 |   413 ||   765
Block: Buckler           |       |       |       |    38 |   194 ||   232
